 Dungeon Crawl Stone Soup version 0.21-a0-150-gc243083 (webtiles) character file.

99 tilp the Conjurer (level 4, -4/33 HPs)
             Began as a Hill Orc Fire Elementalist on July 28, 2017.
             Slain by Grinder (6 damage)
             ... while paralysed by Grinder
             ... on level 3 of the Dungeon.
             The game lasted 00:07:17 (2846 turns).

tilp the Conjurer (Hill Orc Fire Elementalist)      Turns: 2846, Time: 00:07:18

Health: -4/33      AC:  2    Str: 10    XL:     4   Next: 72%
Magic:  0/7        EV:  2    Int: 16    God:
Gold:   100        SH:  0    Dex: 11    Spells: 1/7 levels left

rFire    . . .     SeeInvis .   g - +0 dagger (curse)
rCold    . . .     Gourm    .   (no shield)
rNeg     . . .     Faith    .   a - +0 robe
rPois    .         Spirit   .   (no helmet)
rElec    .         Reflect  .   (no cloak)
rCorr    .         Harm     .   (no gloves)
MR       .....                  (no boots)
Stlth    ++........             (no amulet)
HPRegen  0.11/turn              (no ring)
MPRegen  0.10/turn              (no ring)

@: paralysed
A: no striking features
a: no special abilities


You were on level 3 of the Dungeon.
You were not hungry.

You visited 1 branch of the dungeon, and saw 3 of its levels.

You collected 100 gold pieces.

Inventory:

Hand Weapons
 g - a cursed +0 dagger (weapon)
 t - a +2 mace of protection
Missiles
 l - 24 stones (quivered)
Armour
 a - a +0 robe (worn)
Scrolls
 f - 3 scrolls of blinking {unknown}
 h - a scroll of teleportation {unknown}
 n - a scroll of fear {unknown}
 p - a scroll of amnesia {unknown}
 q - 5 scrolls of identify {unknown}
Potions
 d - 2 potions of cancellation {unknown}
 e - a potion of flight {unknown}
 m - a potion of ambrosia {unknown}
 r - a potion of experience {unknown}
 s - a potion of haste {unknown}
Books
 b - a book of Flames

   Spells                             Type                      Level
   a - Flame Tongue                   Conjuration/Fire             1
   b - Throw Flame                    Conjuration/Fire             2
   c - Conjure Flame                  Conjuration/Fire             3
   d - Inner Flame                    Hexes/Fire                   3
   e - Sticky Flame                   Conjuration/Fire             4
   f - Fireball                       Conjuration/Fire             5
Comestibles
 c - 2 bread rations
 i - a chunk of flesh
 j - a royal jelly
 k - 2 meat rations
 o - 3 fruits


   Skills:
 - Level 1.5 Dodging
 - Level 1.5 Stealth
 - Level 2.1 Spellcasting
 + Level 3.7 Conjurations
 * Level 3.4 Fire Magic


You had one spell level left.
You knew the following spells:

 Your Spells              Type           Power        Failure   Level  Hunger
a - Flame Tongue          Conj/Fire      ##...        4%          1    #......
b - Throw Flame           Conj/Fire      ##....       7%          2    ###....
c - Conjure Flame         Conj/Fire      ##......     14%         3    ###....


Dungeon Overview and Level Annotations

Branches:
Dungeon (3/15)

Altars:
Vehumet

Annotations:
D:3 Grinder


Message History

Confirm with . or Enter, or press ? or * to list all spells.
Aiming: Flame Tongue
Press: ? - help, Shift-Dir - straight line, f/p - Grinder
Aim: Grinder (heavily wounded)
The flame tongue hits Grinder.
Grinder is severely wounded.
Grinder gestures at you.
You suddenly lose the ability to move!
Grinder hits you! Grinder gestures at you. Pain shoots through your body!
* * * LOW HITPOINT WARNING * * *
Grinder hits you.
* * * LOW HITPOINT WARNING * * *
You writhe in agony.
* * * LOW HITPOINT WARNING * * *
Grinder hits you.
* * * LOW HITPOINT WARNING * * *
You writhe in agony.
You die...

#.####.#
#......#### #
#5.....#
.......#.##.#
..#..###.##.#
.........##.#
..#......##.#
#########5#
#@# #.# #.#
#.####
####....#
#.......#
###....##.#
+.......#.#
###....##.#


You could see Grinder.

Vanquished Creatures
  3 adders (D:2)
  5 worms (D:2)
  2 dart slugs (D:2)
  2 leopard geckos
  A giant cockroach (D:2)
  3 goblins
  3 hobgoblins (D:1)
  9 jackals
  8 kobolds
  A quokka (D:2)
  2 ball pythons (D:1)
  3 bats (D:2)
  2 frilled lizards
  7 rats
51 creatures vanquished.

Notes
Turn   | Place    | Note
-------+----------+-------------------------------------------
     0 | D:1      | tilp the Hill Orc Fire Elementalist began the quest for the Orb.
     0 | D:1      | Reached XP level 1. HP: 14/14 MP: 3/3
   385 | D:1      | Reached XP level 2. HP: 20/20 MP: 1/5
  1026 | D:1      | Reached XP level 3. HP: 23/26 MP: 1/6
  1030 | D:1      | Learned a level 2 spell: Throw Flame
  1041 | D:1      | Learned a level 3 spell: Conjure Flame
  1943 | D:2      | Reached XP level 4. HP: 18/33 MP: 0/7
  2586 | D:2      | Found a radiant altar of Vehumet.
  2820 | D:3      | Noticed Grinder
  2834 | D:3      | Paralysed by Grinder for 2 turns
  2842 | D:3      | Paralysed by Grinder for 7 turns
  2846 | D:3      | Slain by Grinder

Vault maps used:
D:1:      dpeg_arrival_windows_large_door, hangedman_decor_peaks_small,
          serial_bayou_crossing
D:2:      vehumet_crystals
D:3:      nicolae_overflow_hidden_temple, uniq_grinder, uniq_natasha,
          uniq_jessica

Skill      XL: |  1  2  3 |
---------------+----------+-----
Spellcasting   | 2 |  2.1
Conjurations   | 2 3 |  3.7
Dodging        | |  1.5
Stealth        | |  1.5
Fire Magic     | |  3.4

Action                   |  1- 3 |  4- 6 || total
-------------------------+-------+-------++-------
Melee: Unarmed           |    16 |       ||    16
       Dagger            |    40 |    29 ||    69
Throw: Stone             |     3 |     2 ||     5
 Cast: Flame Tongue      |    52 |    36 ||    88
       Throw Flame       |     1 |     3 ||     4
 Stab: Sleeping          |     1 |     1 ||     2
  Eat: Chunk             |     4 |     4 ||     8
Armor: Robe              |    12 |     6 ||    18
Dodge: Dodged            |    35 |    19 ||    54
